Map: Triton LE

Players

TiPtOP - Winner!

  • Race: Terran Terran
  • Spawn Location: 11:00

MasterJames

  • Race: Protoss Protoss
  • League: Bronze
  • Spawn Location: 5:00

VOD

Have the link to the VOD?

Description

Time

  • Played on: Aug. 20, 2019, 7:03 p.m.
  • Length: 20:36
Show
View Real Time Build Order
Export as new Build Order

TiPtOP Terran - Winner!

Build Orders: Mech 

Get SALT Encoding   

  12  0:02  SCV  
  13  0:14  SCV  
  13  0:19  Supply Depot  
  14  0:27  SCV  
  15  0:40  SCV  
  16  0:46  Barracks  
  16  0:51  Refinery  
  16  0:53  SCV  
  17  1:12  SCV  
  18  1:24  SCV  
  19  1:36  Supply Depot  
  19  1:37  Marine  
  20  1:42  Orbital Command  
  20  1:55  Command Center  
  20  2:10  Barracks Tech Lab  
  20  2:13  Factory  
  20  2:17  SCV  
  21  2:26  Engineering Bay  
  20  2:40  SCV  
  21  2:49  Refinery  
  21  3:08  Orbital Command  
  21  3:16  Bunker  
  21  3:17  SCV  
  22  3:21  Siege Tank  
  25  3:29  SCV  
  25  3:33  Missile Turret  
  26  3:38  SCV  
  27  3:41  SCV  
  28  3:50  SCV  
  28  3:55  Siege Tank  
  32  4:04  SCV  
  33  4:10  Factory  
  33  4:12  Command Center  
  33  4:18  SCV  
  33  4:19  SCV  
  35  4:25  Supply Depot  
  35  4:28  Siege Tank  
  35  4:30  SCV  
  35  4:31  SCV  
  40  4:35  Missile Turret  
  40  4:42  Supply Depot  
  40  4:44  SCV x2  
  42  4:56  SCV x2  
  42  4:57  Factory Reactor  
  42  4:59  Factory  
  44  5:20  SCV x2  
  46  5:27  Siege Tank  
  49  5:32  SCV x2  
  51  5:44  Armory, SCV x2  
  53  5:54  Factory Tech Lab  
  53  5:56  Hellion x2  
  57  6:07  Orbital Command  
  57  6:23  SCV x2  
  59  6:33  Thor  
  59  6:35  SCV x2, Hellbat  
  59  6:39  SCV  
  70  6:47  SCV x2  
  70  6:51  SCV  
  73  6:59  SCV x2  
  73  7:00  Refinery  
  75  7:01  Refinery  
  75  7:03  SCV  
  76  7:11  SCV  
  77  7:34  Supply Depot  
  77  7:39  Supply Depot  
  77  7:41  Supply Depot  
  77  7:49  Supply Depot  
  77  7:53  Supply Depot  
  77  7:55  SCV x3  
  77  7:56  Supply Depot  
  80  8:02  Supply Depot  
  80  8:05  Missile Turret  
  80  8:07  SCV  
  80  8:10  SCV  
  80  8:11  SCV  
  83  8:17  Thor  
  83  8:18  Hellbat  
  83  8:19  SCV, Hellbat  
  100  8:23  SCV  
  100  8:25  Thor  
  101  8:35  Terran Vehicle Weapons Level 1  
  101  8:41  Armory  
  101  8:59  SCV  
  101  9:00  SCV x2  
  104  9:05  Thor  
  104  9:06  Command Center, Hellbat x2  
  104  9:08  Thor  
  120  9:25  Refinery x2  
  120  9:26  Missile Turret  
  120  9:30  Sensor Tower  
  120  9:40  Supply Depot  
  120  9:44  Supply Depot x2  
  120  9:49  Thor  
  120  9:50  Hellbat x2  
  130  10:02  Thor  
  136  10:09  Supply Depot  
  136  10:10  Supply Depot  
  136  10:12  Terran Vehicle And Ship Armor Level 1, Hellbat  
  136  10:14  Supply Depot x2, Infernal Pre-Igniter  
  138  10:31  Orbital Command  
  138  10:35  SCV  
  138  10:36  SCV x2  
  141  10:47  SCV  
  141  10:48  SCV  
  143  10:51  SCV  
  144  11:00  SCV x2  
  144  11:03  SCV  
  145  11:12  SCV  
  145  11:15  SCV  
  127  11:27  SCV  
  127  11:30  Thor, Hellbat x3  
  134  11:40  SCV  
  134  11:51  Thor, Hellbat x2  
  138  12:12  Thor  
  138  12:13  Hellbat  
  128  12:19  Hellion  
  128  12:29  Orbital Command  
  112  12:34  Thor, Hellbat  
  120  12:41  Hellion  
  122  12:48  Missile Turret  
  122  12:54  Missile Turret  
  122  12:55  Thor, Hellbat  
  130  13:02  Hellbat  
  132  13:06  Missile Turret x2  
  132  13:08  Missile Turret  
  132  13:15  SCV  
  132  13:16  Thor  
  132  13:17  Hellion  
  141  13:22  Missile Turret  
  141  13:23  Hellbat  
  143  13:27  SCV  
  143  13:29  Missile Turret  
  143  13:32  Missile Turret  
  143  13:33  Missile Turret  
  144  13:38  Factory, Hellbat  
  146  13:41  Factory x2  
  146  13:43  Factory, Missile Turret  
  146  13:52  Missile Turret  
  146  13:58  Missile Turret  
  146  13:59  SCV  
  147  14:03  Refinery, Thor x2  
  147  14:04  Hellbat, Refinery, Hellion  
  147  14:05  Missile Turret  
  147  14:07  Sensor Tower, Missile Turret  
  147  14:08  Terran Vehicle And Ship Armor Level 2, Terran Vehicle Weapons Level 2  
  147  14:09  Missile Turret  
  163  14:11  SCV  
  164  14:24  SCV  
  165  14:26  Hellion x2  
  165  14:28  Factory Tech Lab  
  165  14:29  Factory Tech Lab  
  165  14:30  Factory Reactor  
  169  14:31  Factory Tech Lab  
  169  14:47  Hellion  
  171  15:00  Supply Depot  
  171  15:02  Supply Depot  
  171  15:03  Supply Depot x3  
  171  15:04  Supply Depot  
  171  15:06  Supply Depot  
  171  15:09  Supply Depot  
  171  15:22  Thor, Hellbat  
  171  15:23  Thor  
  171  15:24  Thor x2  
  171  15:26  Command Center  
  197  15:33  Supply Depot  
  197  15:34  Supply Depot  
  197  15:44  Supply Depot x2  
  197  15:45  Supply Depot  
  197  15:47  Supply Depot  
  197  15:49  Hellion x15  
  181  16:04  Thor  
  167  16:20  Thor  
  167  16:21  Thor x2, Hellbat x3  
  179  17:04  Thor x3  
  179  17:05  Hellbat x3  
  189  17:17  Terran Vehicle And Ship Armor Level 3, Terran Vehicle Weapons Level 3  
  189  17:22  Hellbat x3  
  189  17:36  Orbital Command  
  189  17:44  Hellbat x2  
  189  17:45  Hellbat  
  141  18:25  Thor x3, Hellbat x4  
  167  18:41  Hellbat x2  
  171  18:46  Hellbat x4  
  179  18:53  Missile Turret  
  179  19:02  Thor x2  
  191  19:07  Hellbat x2  
  191  19:08  Hellbat  
  191  19:09  Missile Turret  
  189  20:06  Hellbat x4  
  189  20:07  Hellbat x5  
Show
View Real Time Build Order
Export as new Build Order

MasterJames Protoss 

Build Orders: 1 Gate Expand 

Get SALT Encoding   

  12  0:07  Probe  
  13  0:17  Probe  
  14  0:25  Probe  
  14  0:29  Pylon  
  15  0:47  Probe  
  16  0:52  Gateway  
  16  0:59  Probe  
  17  1:11  Pylon, Probe  
  18  1:23  Probe  
  19  1:35  Probe  
  19  1:38  Nexus  
  20  1:43  Probe, Assimilator  
  20  1:50  Zealot  
  23  1:56  Probe  
  23  1:59  Cybernetics Core  
  24  2:13  Assimilator  
  24  2:14  Probe  
  25  2:26  Warp Gate, Probe  
  26  2:38  Probe  
  27  2:47  Gateway  
  27  2:59  Probe x2  
  29  3:09  Forge  
  29  3:10  Probe  
  29  3:11  Probe  
  29  3:12  Twilight Council  
  31  3:16  Gateway  
  31  3:18  Probe  
  31  3:23  Probe  
  31  3:26  Probe  
  34  3:35  Pylon, Probe  
  34  3:36  Probe  
  36  3:47  Probe  
  36  3:48  Pylon, Probe  
  37  3:55  Protoss Shields Level 1  
  38  3:56  Pylon  
  38  4:17  Assimilator  
  38  4:18  Nexus  
  38  4:19  Assimilator  
  38  4:29  Pylon  
  38  4:32  Pylon  
  38  4:50  Pylon  
  38  4:55  Pylon, Stalker  
  38  4:56  Sentry  
  38  4:58  Stalker  
  44  5:10  Photon Cannon  
  44  5:14  Photon Cannon  
  44  5:18  Photon Cannon  
  44  5:27  Pylon  
  44  5:30  Pylon  
  44  5:31  Photon Cannon  
  44  5:33  Photon Cannon  
  44  5:34  Probe x2  
  44  5:35  Probe  
  47  5:46  Probe  
  47  5:47  Probe x2  
  50  5:59  Probe x2  
  50  6:04  Photon Cannon, Protoss Ground Weapons Level 1  
  52  6:10  Photon Cannon  
  52  6:30  Pylon  
  52  6:33  Pylon  
  52  6:34  Stalker x3  
  58  6:41  Probe  
  58  6:42  Probe  
  58  6:43  Probe  
  61  6:49  Probe  
  61  6:50  Probe  
  61  6:51  Probe  
  62  6:57  Probe  
  62  6:58  Probe  
  62  6:59  Gateway, Probe  
  62  7:00  Gateway  
  64  7:02  Gateway  
  64  7:03  Gateway  
  64  7:05  Gateway  
  64  7:06  Photon Cannon  
  67  7:09  Probe  
  67  7:12  Gateway  
  68  7:17  Dark Shrine  
  68  7:18  Photon Cannon  
  68  7:22  Stalker x2  
  72  7:31  Probe x3  
  72  7:32  Pylon  
  75  8:05  Stalker x3  
  77  8:06  Stalker x4  
  77  8:08  Stalker  
  77  8:10  Nexus  
  77  8:12  Photon Cannon, Protoss Ground Armor Level 1  
  91  8:29  Pylon  
  91  8:32  Pylon  
  91  8:36  Stalker x3  
  91  8:37  Stalker x3  
  103  8:42  Stalker  
  103  8:43  Stalker  
  103  8:44  Stalker  
  109  9:09  Probe x2  
  112  9:10  Probe  
  112  9:13  Pylon  
  112  9:16  Pylon  
  112  9:21  Probe  
  112  9:22  Probe  
  114  9:51  Stalker  
  114  9:52  Stalker x3  
  122  9:54  Stalker  
  122  9:55  Dark Templar  
  122  9:56  Dark Templar x3  
  132  10:11  Gateway  
  132  10:12  Gateway x2  
  132  10:20  Gateway x2  
  132  10:23  Gateway  
  132  10:25  Photon Cannon  
  132  10:26  Gateway  
  132  10:54  Photon Cannon  
  132  10:57  Photon Cannon  
  132  11:01  Dark Templar, Stalker  
  132  11:02  Dark Templar, Stalker  
  132  11:03  Dark Templar, Stalker  
  144  11:04  Stalker  
  144  11:05  Dark Templar  
  144  11:06  Stalker  
  138  11:22  Gateway  
  138  11:25  Gateway  
  114  11:27  Gateway  
  114  11:30  Gateway  
  84  11:36  Dark Templar x2  
  84  11:37  Dark Templar x4  
  84  11:38  Dark Templar x4  
  102  11:47  Assimilator  
  102  11:51  Assimilator  
  102  11:57  Dark Templar  
  104  12:06  Photon Cannon  
  80  12:23  Dark Templar x3  
  72  12:44  Assimilator  
  72  12:48  Photon Cannon  
  72  12:52  Photon Cannon  
  72  12:55  Photon Cannon, Dark Templar x3  
  78  12:59  Photon Cannon  
  78  13:34  Stalker  
  78  13:35  Stalker x4  
  78  13:36  Stalker x2  
  78  13:39  Dark Templar x3  
  98  13:48  Assimilator  
  98  14:09  Dark Templar x5  
  108  14:34  Pylon  
  108  14:36  Dark Templar x2  
  108  14:37  Stalker, Dark Templar x2  
  118  14:44  Dark Templar  
  120  15:10  Photon Cannon x2  
  120  15:11  Photon Cannon  
  120  15:13  Photon Cannon  
  120  15:14  Photon Cannon  
  120  15:16  Photon Cannon x2  
  120  15:18  Dark Templar x2  
  120  15:19  Photon Cannon, Dark Templar x3  
  130  15:54  Pylon  
  64  16:27  Dark Templar x7  
  64  16:28  Dark Templar  
  64  16:29  Dark Templar  
  64  16:30  Dark Templar x3  
  86  16:39  Photon Cannon  
  86  16:41  Photon Cannon  
  86  16:43  Photon Cannon  
  86  16:44  Photon Cannon  
  86  16:46  Photon Cannon  
  86  16:47  Photon Cannon  
  86  16:49  Photon Cannon  
  86  16:50  Photon Cannon  
  62  17:13  Pylon  
  62  17:14  Photon Cannon  
  62  17:16  Photon Cannon  
  62  17:19  Photon Cannon x2  
  62  17:20  Photon Cannon x3  
  62  17:21  Photon Cannon  
  62  17:22  Photon Cannon  
  62  17:23  Photon Cannon  
  62  17:25  Photon Cannon x4  
  62  17:26  Photon Cannon  
  62  17:31  Dark Templar x3  
  62  17:32  Dark Templar x3  
  62  17:33  Dark Templar  
  76  17:55  Dark Templar  
  76  17:56  Dark Templar x3  
  84  18:06  Assimilator  
  82  18:15  Assimilator  
  82  18:18  Nexus  
  82  18:22  Assimilator  
  70  18:34  Photon Cannon, Assimilator  
  70  18:36  Photon Cannon  
  62  18:49  Nexus  
  62  19:06  Dark Templar x3  
  62  19:07  Dark Templar x2  
  70  19:48  Pylon  
  70  19:50  Stalker x3  
  70  19:51  Stalker  
  70  19:52  Stalker x3  
  82  19:53  Stalker  
  82  19:54  Stalker x3  
  82  19:55  Stalker  
  90  20:12  Robotics Facility  
  70  20:14  Robotics Facility  
  70  20:15  Robotics Facility  
  70  20:18  Robotics Facility  
Tags
 
Composition
Mech
League
Bronze
Matchup
PvT
Spawn Locations
Cross Positions
Add a new tag
Caveats
  • Supply blocks, unpowered buildings, or Contaminate may cause inaccurate times.
  • Supply counts are checked every 10 seconds.